AoeStats
← xSIDEHACKx

Black Forest

509976809Analyzed
4v4 RM · 3d ago on Sep 28, 2026· 56m 43s· 8 players
Game mode
Random Map
Map size
Large (8 player)
Population
200
Speed
Normal
Resources
Standard
Victory
Conquest
Starting age
Dark Age
Ending age
Imperial Age
RankedLock teamsTeams togetherTeam positionsShared explorationLock speedFull tech treeHidden civsTurbo modeCheats
Victory
Defeat
🇪🇸 Chinese · Spain
833
+9
🇪🇸 Franks · Spain
825
+9
🇨🇴 Britons · Colombia
776
+11
🇮🇳 Khmer · India
755
+11
🇺🇸 Vietnamese · United States
764
-14
🇺🇸 Romans · United States
700
-11
🇺🇸 Jurchens · United States
598
-8
🇺🇸 Bohemians · United States
562
-7
General Herald
0:27 Loom
12:12 Feudal Age
12:30 Feudal Age
16:44 Castle Age
18:44 Horse Collar
20:40 Double-Bit Axe
24:58 Heavy Plow
25:35 Bow Saw
26:45 Gold Mining
26:45 Stone Mining
28:31 Stone Mining
30:44 Gold Shaft Mining
30:44 Stone Shaft Mining
30:44 Caravan
34:10 Imperial Age
32:49 Tusk Swords
32:25 Light Cavalry
33:51 Husbandry
34:05 Bloodlines
35:25 Crop Rotation
35:36 Wheelbarrow
34:46 Town Watch
35:57 Elite Ballista Elephant
36:43 Double Crossbow
37:05 Conscription
36:08 Pikeman
36:38 Arson
36:31 Hussar
37:27 Forging
37:22 Scale Barding Armor
40:25 Chemistry
39:45 Ballistics
40:07 Iron Casting
39:52 Chain Barding Armor
40:00 Halberdier
41:23 Heavy Scorpion
45:36 Blast Furnace
45:12 Plate Barding Armor
45:36 Elite Battle Elephant
Masepulvedah1
3:36 Loom
13:23 Feudal Age
13:54 Double-Bit Axe
13:53 Horse Collar
24:26 Castle Age
22:38 Fletching
22:48 Padded Archer Armor
24:11 Gold Mining
25:34 Wheelbarrow
25:44 Crossbowman
26:21 Bodkin Arrow
26:41 Leather Archer Armor
33:24 Imperial Age
34:35 Hand Cart
36:16 Heavy Plow
36:30 Bow Saw
37:39 Chemistry
36:59 Ballistics
41:55 Gold Shaft Mining
41:10 Stone Mining
41:26 Bracer
41:57 Ring Archer Armor
42:01 Arbalester
45:29 Siege Engineers
45:36 Fortified Wall
45:22 Murder Holes
45:18 Guard Tower
46:43 Elite Longbowman
Acero
11:48 Feudal Age
14:04 Double-Bit Axe
17:45 Horse Collar
23:38 Castle Age
24:12 Stone Mining
25:19 Bow Saw
26:53 Stone Shaft Mining
28:01 Heavy Plow
32:49 Imperial Age
31:33 Gold Mining
32:48 Wheelbarrow
34:25 Padded Archer Armor
34:17 Fletching
36:36 Gold Shaft Mining
36:27 Loom
37:11 Ballistics
37:52 Chemistry
36:55 Bodkin Arrow
38:50 Conscription
38:12 Elite Chu Ko Nu
39:20 Caravan
40:28 Leather Archer Armor
40:20 Bracer
43:21 Ring Archer Armor
43:06 Thumb Ring
45:50 Heavy Scorpion
53:35 Two-Man Saw
sentoginerzarra
1:01 Loom
12:52 Feudal Age
14:22 Wheelbarrow
13:34 Double-Bit Axe
13:44 Stone Mining
13:53 Gold Mining
22:51 Castle Age
21:14 Scale Barding Armor
21:20 Forging
24:14 Hand Cart
24:13 Bow Saw
25:44 Gold Shaft Mining
26:33 Chain Barding Armor
29:50 Iron Casting
30:21 Husbandry
29:43 Light Cavalry
30:58 Fortified Wall
31:14 Treadmill Crane
32:56 Fervor
35:29 Imperial Age
33:34 Caravan
34:51 Murder Holes
35:00 Scale Mail Armor
36:19 Chivalry
36:43 Conscription
35:46 Cavalier
37:08 Plate Barding Armor
37:36 Blast Furnace
36:51 Chain Mail Armor
37:43 Chemistry
36:49 Siege Engineers
37:06 Ballistics
37:50 Hoardings
36:39 Ordonnance Companies
38:35 Paladin
38:58 Elite Throwing Axeman
DON FOL3Y
1:34 Loom
17:48 Feudal Age
19:39 Wheelbarrow
19:04 Horse Collar
22:41 Gold Mining
22:44 Double-Bit Axe
24:44 Fletching
26:06 Padded Archer Armor
26:07 Scale Mail Armor
27:45 Bloodlines
29:06 Stone Mining
30:24 Scale Barding Armor
35:18 Castle Age
34:48 Forging
36:19 Heavy Plow
36:19 Bodkin Arrow
38:31 Stone Shaft Mining
39:35 Gold Shaft Mining
39:37 Leather Archer Armor
39:38 Chain Mail Armor
39:59 Iron Casting
39:45 Chain Barding Armor
39:28 Caravan
41:12 Hand Cart
43:42 Bow Saw
49:44 Imperial Age
48:01 Husbandry
48:23 Man-at-Arms
49:03 Squires
48:49 Arson
48:50 Gambesons
50:27 Heavy Rocket Cart
BLAZ306
1:13 Loom
12:18 Feudal Age
12:46 Horse Collar
12:57 Double-Bit Axe
16:06 Wheelbarrow
15:16 Town Watch
16:07 Gold Mining
27:19 Man-at-Arms
30:56 Castle Age
29:21 Scale Mail Armor
29:31 Forging
32:00 Fletching
32:47 Squires
32:08 Long Swordsman
33:25 Chain Mail Armor
33:46 Iron Casting
33:15 Caravan
33:47 Coinage
33:35 Bow Saw
33:47 Heavy Plow
35:17 Hand Cart
35:30 Pikeman
36:45 Bodkin Arrow
46:18 Imperial Age
46:21 Halberdier
46:23 Legionary
49:42 Ballistics
50:24 Chemistry
54:02 Blast Furnace
querk2
12:02 Feudal Age
13:45 Double-Bit Axe
15:25 Wheelbarrow
18:59 Castle Age
20:34 Horse Collar
22:05 Heavy Plow
25:53 Bow Saw
25:55 Loom
26:20 Fletching
28:45 Elite Skirmisher
31:19 Bodkin Arrow
31:24 Padded Archer Armor
33:02 Thumb Ring
33:33 Ballistics
33:01 Treadmill Crane
33:57 Hand Cart
35:58 Leather Archer Armor
38:36 Imperial Age
37:17 Murder Holes
37:27 Chatras
38:37 Elite Rattan Archer
39:44 Paper Money
39:53 Bracer
40:33 Ring Archer Armor
40:40 Gold Mining
42:08 Chemistry
40:54 Imperial Skirmisher
42:29 Forging
42:21 Scale Mail Armor
42:26 Scale Barding Armor
47:14 Two-Man Saw
46:31 Caravan
47:44 Squires
47:30 Arson
47:06 Pikeman
48:28 Iron Casting
48:09 Chain Mail Armor
49:12 Chain Barding Armor
48:21 Halberdier
48:28 Elite Fire Lancer
49:53 Crop Rotation
55:18 Husbandry
55:28 Bloodlines
54:44 Cavalier
xSIDEHACKx
0:55 Loom
16:13 Feudal Age
17:30 Horse Collar
19:29 Wheelbarrow
20:35 Double-Bit Axe
23:32 Fishing Lines
26:56 Castle Age
31:35 Hand Cart
31:36 Bow Saw
31:32 Heavy Plow
34:04 Caravan
35:09 Ballistics
35:51 Chemistry
39:33 Imperial Age
39:46 Houfnice
41:39 Squires
41:30 Arson
44:26 Pikeman
45:33 Husbandry
44:56 Cavalier
47:14 Bombard Tower
46:51 Guard Tower
46:59 Murder Holes
46:51 Arrowslits
Connection lost

Rejoining the realm…

Still unreachable

The connection could not be restored.

Session expired

The server has moved on; the page needs a fresh start.